 Dungeon Crawl Stone Soup version 0.28.0-53-g5a82cb258f (webtiles) character file.

Game seed: 11257343502752944255

462 Ashen the Chiller (level 6, -3/46 HPs)
             Began as a Demonspawn Ice Elementalist on July 13, 2022.
             Slain by a centaur warrior zombie (7 damage)
             ... on level 5 of the Dungeon.
             The game lasted 00:05:57 (5041 turns).

Ashen the Chiller (Demonspawn Ice Elementalist)     Turns: 5041, Time: 00:05:57

Health: -3/46      AC: 10    Str:  8    XL:     6   Next: 79%
Magic:  8/11       EV: 13    Int: 19    God:
Gold:   241        SH:  0    Dex: 13    Spells: 4/11 levels left

rFire   . . .      SeeInvis .   o - +1 spear (flame)
rCold   . . .      Faith    .   (no shield)
rNeg    . . .      Spirit   .   a - +0 robe
rPois   .          Reflect  .   (no helmet)
rElec   .          Harm     .   (no cloak)
rCorr   .          Rampage  .   e - +0 pair of gloves
Will    .....                   (no boots)
Stlth   ++........              (no amulet)
HPRegen 0.15/turn               (no ring)
MPRegen 0.24/turn               (no ring)

@: ice-armoured
A: magic regeneration, sharp scales 1, weakness stinger 1
a: no special abilities


You were on level 5 of the Dungeon.
You visited 1 branch of the dungeon, and saw 5 of its levels.

You collected 241 gold pieces.

Inventory:

Hand Weapons
 c - a +0 short sword
 o - a +1 spear of flaming (weapon)
Armour
 a - a +0 robe (worn)
 e - a +0 pair of gloves (worn)
Jewellery
 h - a +6 ring of dexterity
Scrolls
 d - a scroll of magic mapping {unknown}
 f - a scroll of identify {unknown}
 j - a scroll of fog {unknown}
 m - a scroll of teleportation {unknown}
 p - a scroll of brand weapon {unknown}
 q - a scroll of immolation {unknown}
 r - a scroll of acquirement {unknown}
Potions
 b - 3 potions of resistance {unknown}
 g - 4 potions of curing {unknown}
 i - a potion of might {unknown}
 k - a potion of haste {unknown}
 l - a potion of cancellation {unknown}
 n - a potion of degeneration {unknown}


   Skills:
 + Level 2.9 Fighting
 + Level 3.3 Dodging
 + Level 3.5 Stealth
 + Level 3.4 Spellcasting
 + Level 4.6 Ice Magic


You had 4 spell levels left.
You knew the following spells:

 Your Spells              Type           Power      Damage    Failure   Level
a - Freeze                Ice            80%        1d9       2%          1
b - Frozen Ramparts       Ice            40%        1d6       7%          3
c - Ozocubu's Armour      Ice            20%        N/A       7%          3

Your spell library contained the following spells:

 Spells                   Type           Power      Damage    Failure   Level
 Hailstorm                Conj/Ice       12%        3d5       50%         4
 Summon Lightning Spire   Summ/Air       3%         N/A       82%         4
 Storm Form               Tmut/Air       1%         N/A       100%        7
 Maxwell's Capacitive Co  Air            1%         ∞         100%        8


Dungeon Overview and Level Annotations

Branches:
Dungeon (5/15)
 Temple: D:4-7

Altars:
Nemelex Xobeh
Sif Muna


Innate Abilities, Weirdness & Mutations

You regenerate magic rapidly.
You are partially covered in razor-sharp scales. (AC +1, Slay +1)
You have a small tail.


Message History

The centaur warrior zombie completely resists.
The wall freezes the centaur warrior zombie but does no damage.
The centaur warrior zombie hits you but does no damage.
The centaur warrior zombie kicks you.
* * * LOW HITPOINT WARNING * * *
The centaur warrior zombie completely resists.
The wall freezes the centaur warrior zombie but does no damage.
The centaur warrior zombie hits you.
* * * LOW HITPOINT WARNING * * *
The centaur warrior zombie completely misses you.
You are too injured to fight recklessly!
You are too injured to fight recklessly!
Casting: Frozen Ramparts (dangerous; 7% risk of failure)
Confirm with . or Enter, or press ? or * to list all spells.
Okay, then.
You hit the centaur warrior zombie but do no damage.
You tail-slap the centaur warrior zombie, but do no damage.
The centaur warrior zombie is severely damaged.
The frozen ramparts melt away.
The centaur warrior zombie barely misses you. x2
You hit the centaur warrior zombie. You burn the centaur warrior zombie.
You tail-slap the centaur warrior zombie.
The centaur warrior zombie is almost destroyed.
The centaur warrior zombie misses you. x2
You hit the centaur warrior zombie. You burn the centaur warrior zombie.
You tail-slap the centaur warrior zombie, but do no damage.
The centaur warrior zombie is almost destroyed.
The centaur warrior zombie hits you.
* * * LOW HITPOINT WARNING * * *
The centaur warrior zombie kicks you but does no damage.
The centaur warrior zombie misses you.
The centaur warrior zombie closely misses you.
You barely miss the centaur warrior zombie.
The centaur warrior zombie is almost destroyed.
The centaur warrior zombie closely misses you.
The centaur warrior zombie kicks you but does no damage.
You hit the centaur warrior zombie. You burn the centaur warrior zombie.
The centaur warrior zombie is almost destroyed.
The centaur warrior zombie hits you!
You die...

### #.# ..# #.# ### #.#
#.. #.# #.# ######## #.#
#.# #......#
#)###.#####.####@#
............# #Z#
............## #.##.
.............###....#
........................
).......................
........>....r..........
..............##########
......................


You could see a centaur warrior zombie.

Vanquished Creatures
  A centaur (D:4)
  A scorpion (D:5)
  A gnoll shaman (D:4)
  Ijyb (D:5)
  An iguana (D:4)
  2 orc wizards (D:3)
  A hound zombie (D:4)
  7 gnolls
  2 adders
  An adder skeleton (D:4)
  3 dart slugs
  9 orcs
  8 endoplasms
  2 giant cockroaches (D:1)
  4 hobgoblins
  4 quokkas
  10 ball pythons
  5 bats
  3 frilled lizards
  10 goblins
  10 kobolds
  3 rats
89 creatures vanquished.

Notes
Turn   | Place    | Note
-------+----------+-------------------------------------------
     0 | D:1      | Ashen the Demonspawn Ice Elementalist began the quest for
                  | the Orb.
     0 | D:1      | Reached XP level 1. HP: 13/13 MP: 3/3
   399 | D:1      | Gained mutation: You are partially covered in razor-sharp
                  | scales. (AC +1, Slay +1) [demonic ancestry]
   399 | D:1      | Reached XP level 2. HP: 18/20 MP: 5/5
   929 | D:1      | Reached skill level 1 in Fighting
  1095 | D:1      | Gained mutation: You have a small tail. [demonic ancestry]
  1095 | D:1      | Reached XP level 3. HP: 24/26 MP: 2/6
  2410 | D:3      | Reached XP level 4. HP: 23/32 MP: 4/7
  2442 | D:3      | Reached skill level 4 in Ice Magic
  2710 | D:3      | Found a shimmering blue altar of Sif Muna.
  2715 | D:3      | Learned a level 3 spell: Frozen Ramparts
  2719 | D:3      | Learned a level 3 spell: Ozocubu's Armour
  3027 | D:3      | Reached XP level 5. HP: 22/38 MP: 2/9
  4098 | D:4      | Noticed a centaur
  4108 | D:4      | Killed a centaur
  4109 | D:4      | Gained mutation: You regenerate magic rapidly. [demonic
                  | ancestry]
  4109 | D:4      | Reached XP level 6. HP: 26/46 MP: 0/10
  4674 | D:4      | Found a sparkling altar of Nemelex Xobeh.
  4836 | D:5      | Entered Level 5 of the Dungeon
  4843 | D:5      | Noticed Ijyb
  4877 | D:5      | Killed Ijyb
  5041 | D:5      | Slain by a centaur warrior zombie

Illustrated notes

Levels and vault maps discovered:
D:1:      dpeg_arrival_three_same_balls, layout_basic
D:2:      layout_loops_cross
D:3:      layout_loops_cross, mainiacjoe_overflow_alcove_2
D:4:      layout_loops_ring, nemelex_spade_bored_becter
D:5:      layout_basic, amcnicky_altar_gilded, uniq_ijyb, uniq_sigmund

Skill      XL: |  1  2  3  4  5 |
---------------+----------------+-----
Stealth        | 2 3 |  3.5
Dodging        | 2 3 |  3.3
Fighting       | 1 2 |  2.9
Ice Magic      | 4 |  4.6
Spellcasting   | 3 |  3.4

Action                   |  1- 3 |  4- 6 || total
-------------------------+-------+-------++-------
Melee: Unarmed           |    12 |       ||    12
       Short sword       |    77 |    54 ||   131
       Tailslap          |     7 |    21 ||    28
       Punch             |     1 |     4 ||     5
       Spear             |       |    47 ||    47
 Cast: Freeze            |    41 |    33 ||    74
       Frozen Ramparts   |       |     5 ||     5
       Ozocubu's Armour  |       |     5 ||     5
 Stab: Sleeping          |     6 |     1 ||     7
       Distracted        |       |     1 ||     1
Armor: Robe              |    29 |    49 ||    78
Dodge: Dodged            |    80 |    93 ||   173
